 Dungeon Crawl Stone Soup version 0.26-a0-849-gf1512cd430 (webtiles) character file.

Game seed: 11460611961943503586

9510 Conn the Thaumaturge (level 11, -6/67 HPs)
             Began as an Octopode Fire Elementalist on Nov 20, 2020.
             Was a Priest of Vehumet.
             Mangled by Grum
             ... wielding a +0 glaive of protection
              (28 damage)
             ... on level 10 of the Dungeon.
             The game lasted 00:48:02 (13572 turns).

Conn the Thaumaturge (Octopode Fire Elementalist)  Turns: 13572, Time: 00:48:06

Health: -6/67      AC:  3    Str:  6 (7)  XL:     11   Next: 47%
Magic:  28/32      EV: 23    Int: 18 (21) God:    Vehumet [***...]
Gold:   159        SH:  7    Dex: 12 (13) Spells: 1/27 levels left

rFire    . . .     SeeInvis .   a - +3 short sword (venom)
rCold    . . .     Faith    .   l - +2 buckler {rPois}
rNeg     . . .     Spirit   .   f - +2 hat
rPois    +         Reflect  .   (no amulet)
rElec    .         Harm     .   v - ring of stealth
rCorr    .         Rampage  .   y - ring of protection from magic
MR       +....                  I - +4 ring of evasion
Stlth    +++++.....             q - +4 ring of evasion
HPRegen  0.21/turn              P - ring of magical power
MPRegen  0.23/turn              (no ring)
                                (no ring)
                                (no ring)

@: no status effects
A: almost no armour, stealthy swim, amphibious, 8 rings, constrict 8, camouflage
1, gelatinous body 1
a: Renounce Religion


You were on level 10 of the Dungeon.
You worshipped Vehumet.
Vehumet was most pleased with you.
You visited 3 branches of the dungeon, and saw 12 of its levels.

You collected 601 gold pieces.
You spent 442 gold pieces at shops.

Inventory:

Hand Weapons
 a - a +3 short sword of venom (weapon)
 L - the +5 hand crossbow of Muxtof {penet, Str+5}
   (You bought it in a shop on level 7 of the Dungeon)

   Ammo fired by it will pass through the targets it hits, potentially hitting
   all targets in its path until it reaches maximum range.
   It affects your strength (+5).
 M - the +9 hand crossbow of Perfectionism {venom, Int+4}
   (You bought it in a shop on level 7 of the Dungeon)

   It poisons the ammo it fires.
   It affects your intelligence (+4).
Missiles
 k - 5 boomerangs of dispersal
 u - 51 poisoned darts
 N - 42 bolts
 Q - 4 datura-tipped darts (quivered)
Armour
 f - a +2 hat (worn)
 l - a +2 buckler of poison resistance (worn)
Magical Staves
 b - an uncursed staff of conjuration
Jewellery
 q - a +4 ring of evasion (on tentacle)
 v - a ring of stealth (left tentacle)
 y - a ring of protection from magic (right tentacle)
 I - a +4 ring of evasion (on tentacle)
 P - a ring of magical power (on tentacle)
Wands
 o - a wand of flame (34)
 r - a wand of polymorph (8)
 z - a wand of acid (3)
Scrolls
 c - 4 scrolls of remove curse
 g - 3 scrolls of amnesia {unknown}
 h - 14 scrolls of identify
 p - 3 scrolls of teleportation
 t - a scroll of blinking
 A - a scroll of fear
 D - 2 scrolls of magic mapping {unknown}
 F - a scroll of fog
 O - 2 scrolls of enchant armour
 R - a scroll of enchant weapon
Potions
 e - 3 potions of brilliance
 j - a potion of cancellation {unknown}
 m - 3 potions of haste
 s - a potion of magic {unknown}
 w - 3 potions of resistance
 B - 2 potions of lignification
 C - a potion of flight {unknown}
 E - a potion of invisibility {unknown}
 G - a potion of attraction {unknown}
 H - a potion of mutation {unknown}
 K - a potion of curing
Miscellaneous
 J - a box of beasts


   Skills:
 + Level 3.4 Fighting
 + Level 4.4 Short Blades
 * Level 3.0 Crossbows
 + Level 4.6 Dodging
 + Level 6.4 Stealth
 + Level 5.0 Shields
 * Level 8.8 Spellcasting
 + Level 5.4 Conjurations
 * Level 8.1 Fire Magic
 + Level 3.8 Ice Magic
 * Level 3.2 Air Magic
 + Level 0.7 Evocations


You had one spell level left.
You knew the following spells:

 Your Spells              Type           Power        Failure   Level
a - Foxfire               Conj/Fire      ####         1%          1
b - Conjure Flame         Conj/Fire      ####....     1%          3
c - Inner Flame           Hex/Fire       ###.....     1%          3
d - Sticky Flame          Conj/Fire      ####....     1%          4
e - Freeze                Ice            ###.         1%          1
f - Fireball              Conj/Fire      ####......   4%          5
g - Sandblast             Erth           #.....       2%          1
h - Lightning Bolt        Conj/Air       ###.......   11%         5
i - Mephitic Cloud        Conj/Pois/Air  ###.....     2%          3

Your spell library contained the following spells:

 Spells                   Type           Power        Failure   Level
 Animate Skeleton         Necr           #.....       9%          1
 Apportation              Tloc           #.....       9%          1
 Corona                   Hex            #......      9%          1
 Pain                     Necr           #...         9%          1
 Summon Small Mammal      Summ           #...         9%          1
 Dazzling Flash           Conj/Hex       ###...       2%          3
 Ensorcelled Hibernation  Hex/Ice        ##....       6%          2
 Corpse Rot               Necr/Air       N/A          7%          2
 Confusing Touch          Hex            #.......     26%         3
 Gell's Gravitas          Tloc           #.........   26%         3
 Portal Projectile        Hex/Tloc       #.....       26%         3
 Tukima's Dance           Hex            #.......     26%         3
 Summon Lightning Spire   Summ/Air       ##......     43%         4
 Lee's Rapid Deconstruct  Erth           #.........   50%         5
 Freezing Cloud           Conj/Ice/Air   ###.......   50%         6
 Silence                  Hex/Air        ##........   78%         5
 Borgnjor's Vile Clutch   Necr/Erth      #.........   94%         5
 Excruciating Wounds      Necr           #.........   94%         5
 Simulacrum               Ice/Necr       ##........   99%         6
 Dispersal                Tloc           #.........   100%        6
 Shadow Creatures         Summ           N/A          100%        6
 Disjunction              Tloc           #.........   100%        8


Dungeon Overview and Level Annotations

Branches:
Dungeon (10/15)            Temple (1/1) D:4            Lair (1/6) D:9
    Orc: D:9-12

Altars:
Ashenzari
Cheibriados
Dithmenos
Elyvilon
Gozag
Hepliaklqana
Kikubaaqudgha
Nemelex Xobeh
Okawaru
Qazlal
Ru
Sif Muna
Trog
Vehumet
Wu Jian
Yredelemnul
Zin
The Shining One

Shops:
D:6 (   D:7 (?=((   D:8 }

Annotations:
D:10 Grum, Snorg


Innate Abilities, Weirdness & Mutations

You cannot wear most types of armour.
You are very stealthy in the water. (Stealth+)
You are amphibious.
You can wear up to eight rings at the same time.
You can use your tentacles to constrict eight enemies at once.
Your skin changes colour to match your surroundings (Stealth+).
Your rubbery body absorbs attacks. (AC +1, EV +1)


Message History

You hit Grum.
Grum looks as sick as possible!
Grum is heavily wounded.
You constrict Grum. The adder completely misses you.
You block the gnoll's attack.
Grum struggles to escape constriction.
The centaur warrior skeleton hits you.
Unknown command.
You hit Grum.
Grum is severely wounded.
You constrict Grum. You block the adder's attack.
The gnoll hits you with a +0 whip.
The gnoll barely misses the gnoll.
The gnoll hits itself with a +2 short sword of venom!
The gnoll is poisoned.
The centaur warrior skeleton hits you.
Grum escapes!
You block the gnoll's attack.
The gnoll is killed!
Vehumet accepts your kill. The adder closely misses you.
The centaur warrior skeleton closely misses you.
The gnoll misses you.
Grum hits you with a +0 glaive of protection!!
You die...

..#. .# .. .... #. ..
..... ##.. ..
.....##..######'
..........##..
........##..
#.......##S### #<..#
#...@g# ........h.#
##.g.Z).....
...........#....#.g.[...
.......##.#..... .#[....
......# ##.(... .#.[...
.....# #...## .# ....
...## #..## .. ... ..#
... .. ...


You could see Grum (confused, extremely poisoned), 2 gnolls, an adder and a
centaur warrior skeleton.

Vanquished Creatures
  2 two-headed ogres (D:7)
  An ugly thing (D:7)
  A cyclops (D:7)
  A cane toad (Lair:1)
  2 trolls (D:9)
  6 yaks
  A wyvern (D:9)
  A warg (D:10)
  5 orc warriors
  3 sky beasts
  An ice beast (shapeshifter) (D:7)
  4 ice beasts
  A black bear (D:7)
  3 phantoms
  2 ogres
  10 wolves
  7 centaurs
  A big kobold (D:9)
  5 bullfrogs
  A gnoll sergeant (D:9)
  3 scorpions
  3 killer bees
  2 electric eels (D:9)
  A bullfrog zombie (D:7)
  2 quasits (D:7)
  A jelly (D:6)
  3 centaur skeletons
  14 hounds
  10 orc priests
  A bullfrog skeleton (D:7)
  An iguana (D:4)
  5 orc wizards
  5 worker ants
  Ijyb (D:3)
  A killer bee zombie (D:10)
  A worker ant zombie (D:6)
  11 gnolls
  10 adders
  2 shadow imps
  2 white imps
  2 oozes
  2 adder zombies (D:7)
  An adder skeleton (D:6)
  2 dart slugs
  8 leopard geckos
  35 orcs
  8 giant cockroaches
  12 goblins
  4 hobgoblins
  10 jackals
  12 kobolds
  4 quokkas
  5 bats (D:1)
  5 frilled lizards
  2 jackal skeletons (D:5)
  A leopard gecko skeleton (D:6)
  2 quokka skeletons
  5 rats
257 creatures vanquished.

Vanquished Creatures (collateral kills)
  3 foxfires (D:7)
3 creatures vanquished.

Vanquished Creatures (others)
  671 foxfires
671 creatures vanquished.

Grand Total: 931 creatures vanquished

Notes
Turn   | Place    | Note
-------+----------+-------------------------------------------
     0 | D:1      | Conn the Octopode Fire Elementalist began the quest for the
                  | Orb.
     0 | D:1      | Reached XP level 1. HP: 11/11 MP: 3/3
   132 | D:1      | Reached XP level 2. HP: 17/17 MP: 3/5
   535 | D:1      | Reached XP level 3. HP: 16/21 MP: 0/6
   599 | D:1      | Learned a level 3 spell: Conjure Flame
  1464 | D:2      | Reached XP level 4. HP: 27/27 MP: 8/8
  2357 | D:3      | Found a snail-covered altar of Cheibriados.
  2416 | D:3      | Noticed Ijyb
  2466 | D:3      | Killed Ijyb
  2467 | D:3      | Reached XP level 5. HP: 19/31 MP: 4/9
  2606 | D:3      | Reached skill level 1 in Shields
  3309 | D:3      | Learned a level 3 spell: Inner Flame
  3460 | D:4      | Found a staircase to the Ecumenical Temple.
  3470 | Temple   | Entered the Ecumenical Temple
  3558 | Temple   | Became a worshipper of Vehumet
  3598 | D:5      | Entered Level 5 of the Dungeon
  3938 | D:5      | Found an ancient bone altar of Kikubaaqudgha.
  3954 | D:5      | Reached XP level 6. HP: 36/36 MP: 6/11
  4176 | D:6      | Reached skill level 1 in Short Blades
  4249 | D:6      | Reached skill level 1 in Fighting
  4304 | D:6      | Reached XP level 7. HP: 24/43 MP: 6/13
  5069 | D:6      | Found Qoupp's Weapon Shop.
  5159 | D:6      | Found a white marble altar of Elyvilon.
  5663 | D:5      | Reached skill level 5 in Fire Magic
  5670 | D:5      | Learned a level 4 spell: Sticky Flame
  5813 | D:5      | Reached XP level 8. HP: 48/48 MP: 15/15
  5841 | D:5      | Reached * piety under Vehumet
  5841 | D:5      | Offered knowledge of Freeze by Vehumet.
  5929 | D:5      | Learned a level 1 spell: Freeze
  5956 | D:5      | Reached skill level 5 in Stealth
  6415 | D:4      | Reached skill level 5 in Spellcasting
  6671 | D:4      | Reached skill level 1 in Ice Magic
  6698 | D:4      | Found a glowing silver altar of Zin.
  6699 | D:4      | Found an opulent altar of Gozag.
  7023 | D:4      | Found a white marble altar of Elyvilon.
  7281 | D:6      | Learned a level 5 spell: Fireball
  7299 | D:7      | Found Xana Dedyq's Antique Weapon Shop.
  7328 | D:7      | Found Vungueka's Magic Scroll Boutique.
  7556 | D:7      | Noticed a two-headed ogre
  7556 | D:7      | Noticed a two-headed ogre
  7556 | D:7      | Noticed a cyclops
  7556 | D:7      | Noticed a blink frog
  7670 | D:7      | Found a sparkling altar of Nemelex Xobeh.
  7701 | D:6      | Reached XP level 9. HP: 25/54 MP: 9/17
  8355 | D:7      | Identified the Grimoire of Evil
  8369 | D:7      | Noticed a brown ugly thing
  8379 | D:7      | Killed a brown ugly thing
  8602 | D:7      | Killed a two-headed ogre
  8727 | D:7      | Found Nomui's Antique Weapon Shoppe.
  8735 | D:7      | Reached ** piety under Vehumet
  8799 | D:7      | Offered knowledge of Sandblast by Vehumet.
  8803 | D:7      | Learned a level 1 spell: Sandblast
  8808 | D:7      | Bought a jewelled hand crossbow for 221 gold pieces
  8809 | D:7      | Identified the +5 hand crossbow of Muxtof {penet, Str+5}
                  | (You bought it in a shop on level 7 of the Dungeon)
  8903 | D:7      | Noticed an unseen horror
  8936 | D:7      | Reached XP level 10. HP: 57/62 MP: 0/20
  9089 | D:7      | Bought a slimy hand crossbow for 221 gold pieces
  9089 | D:7      | Identified the +9 hand crossbow of Perfectionism {venom,
                  | Int+4} (You bought it in a shop on level 7 of the Dungeon)
  9431 | D:7      | Killed a two-headed ogre
  9524 | D:7      | Found Pytedep's Jewellery Boutique.
  9578 | D:7      | Found an iron altar of Okawaru.
  9735 | D:7      | Found Hippipug's Weapon Boutique.
  9786 | D:7      | Killed a cyclops
 10305 | D:8      | Found Hopn's Gadget Shoppe.
 10412 | D:8      | Identified the Incunabulum of Feathers and the Rocks
 10420 | D:8      | Learned a level 5 spell: Lightning Bolt
 10773 | D:8      | Offered knowledge of Searing Ray by Vehumet.
 11042 | D:8      | Reached skill level 1 in Air Magic
 11276 | D:9      | Reached skill level 1 in Crossbows
 11630 | D:9      | Reached skill level 5 in Shields
 11652 | D:9      | Found a staircase to the Lair.
 11727 | D:9      | Reached XP level 11. HP: 53/67 MP: 23/23
 11753 | D:9      | Reached *** piety under Vehumet
 11803 | D:9      | Reached skill level 5 in Conjurations
 12495 | D:10     | Entered Level 10 of the Dungeon
 12540 | D:10     | Offered knowledge of Mephitic Cloud by Vehumet.
 12549 | D:10     | Noticed Snorg
 12681 | D:9      | Learned a level 3 spell: Mephitic Cloud
 12727 | D:10     | Noticed Grum
 12992 | Lair:1   | Entered Level 1 of the Lair of Beasts
 13041 | Lair:1   | Noticed a seven-headed hydra
 13572 | D:10     | Mangled by Grum

Illustrated notes

Levels and vault maps discovered:
D:1:      sevenhm_arrival_forest_fort_small_3, layout_loops_ring, serial_rivers,
          chequers_serial_rivers_small_b, chequers_serial_rivers_small_b,
          chequers_serial_rivers_large_a, chequers_serial_rivers_micro_e,
          chequers_serial_rivers_marsh
D:2:      layout_basic
D:3:      layout_loops_ring, kennysheep_slug_shrine, chequers_mini_garden,
          uniq_ijyb
D:4:      layout_rooms, grunt_temple_overflow_gold_and_silver,
          minmay_temple_entry_large_hall, elyvilon_altar_1
D:5:      minmay_chambers_of_fours, layout_cave_pools, serial_park,
          serial_park_tiny_1, basic_altar, serial_bayou_pond_b
D:6:      layout_gridville, lemuel_coloured_pillars_altar, serial_shops, shop,
          hangedman_decor_push, minmay_misc_feat_plants
D:7:      minmay_the_grid_octo_2x2 [minmay_the_grid_octo_chip,
          minmay_the_grid_octo_odd_swirl, minmay_the_grid_octo_fan_narrow,
          minmay_the_grid_octo_prize_star], layout_loops_cross,
          nemelex_xobeh_ov_fountains_minmay, kennysheep_mini_moat, serial_shops,
          nicolae_shop_competitors_out_of_business, kennysheep_little_box,
          nicolae_shop_behind_doors, nicolae_shop_overgrown_old_shop,
          nicolae_shop_behind_doors, hangedman_decor_points, minmay_diced_spiral
D:8:      layout_loops_corners, serial_shops, shop
D:9:      layout_loops_ring, erik_lair_island
D:10:     layout_cave_pools, david_orc_3, enter_trove_5,
          minmay_unpleasant_kobolds, uniq_snorg, uniq_grum
Temple:   regret_index_temple_sphere_string
Lair:1:   layout_regular_city

Skill      XL: |  1  2  3  4  5  6  7  8  9 10 11 |
---------------+----------------------------------+-----
Stealth        | 3 4 5 6 |  6.4
Spellcasting   | 3 4 5 6 8 |  8.8
Shields        | 1 2 3 4 5 |  5.0
Fire Magic     | 4 5 6 7 8 |  8.1
Conjurations   | 2 3 4 5 |  5.4
Short Blades   | 1 2 3 4 |  4.4
Fighting       | 1 2 3 |  3.4
Dodging        | 3 4 |  4.6
Ice Magic      | 1 3 |  3.8
Air Magic      | 2 3 |  3.2
Crossbows      | 2 3 |  3.0
Evocations     | |  0.7

Action                   |  1- 3 |  4- 6 |  7- 9 | 10-12 || total
-------------------------+-------+-------+-------+-------++-------
Melee: Unarmed           |    14 |       |       |       ||    14
       Constrict         |     4 |     9 |    14 |    30 ||    57
       Tentacles         |     4 |     6 |    18 |    32 ||    60
       Short sword       |    13 |    42 |    90 |   166 ||   311
 Fire: Hand crossbow     |       |       |       |     7 ||     7
 Cast: Foxfire           |    50 |    71 |   129 |   137 ||   387
       Conjure Flame     |       |     1 |     4 |     3 ||     8
       Sticky Flame      |       |       |     6 |    19 ||    25
       Freeze            |       |       |       |     8 ||     8
       Fireball          |       |       |       |     8 ||     8
       Mephitic Cloud    |       |       |       |     4 ||     4
Evoke: Wand              |       |     3 |     3 |       ||     6
       Box of beasts     |       |       |     1 |       ||     1
  Use: Potion            |       |     1 |     2 |     3 ||     6
       Scroll            |       |       |    13 |       ||    13
 Stab: Sleeping          |     4 |     4 |    10 |     5 ||    23
Armor: Skin              |    11 |     8 |    14 |    15 ||    48
Dodge: Dodged            |    46 |    53 |    89 |   218 ||   406
Block: Buckler           |     3 |     7 |    43 |    86 ||   139

Table legend: (Time is in decaauts)
 A = Elapsed time spent in this place.
 B = Non-inter-level travel time spent in this place.
 C = Inter-level travel time spent in this place.
 D = Time resting spent in this place.
 E = Time spent auto-exploring this place.
 F = Levels seen in this place.
 G = Mean time per level.
                   A        B        C        D        E       F      G
               +--------+--------+--------+--------+--------+-----+--------+
         Total |  13551 |  13083 |    468 |   3596 |   5446 |  12 | 1129.2 |
       Dungeon |  13371 |  12916 |    455 |   3592 |   5381 |  10 | 1337.1 |
        Temple |    101 |     88 |     13 |      0 |     62 |   1 |  101.0 |
          Lair |     78 |     78 |      0 |      4 |      3 |   1 |   78.0 |
               +--------+--------+--------+--------+--------+-----+--------+

Top non-repeatable levels by time:
     D:7: 2223 daAuts
     D:9: 2028 daAuts
     D:6: 1759 daAuts
     D:8: 1354 daAuts
     D:4: 1280 daAuts
     D:1: 1181 daAuts
     D:5: 1173 daAuts
     D:2: 1140 daAuts
     D:3: 1130 daAuts
  Temple: 101 daAuts
    D:10: 99 daAuts
  Lair:1: 78 daAuts
